AoeStats
← MAREKE

Arabia

510190936Analyzed
1v1 RM · 2d ago on Sep 29, 2026· 41m 12s· 2 players
Game mode
Random Map
Map size
Tiny (2 player)
Population
200
Speed
Normal
Resources
Standard
Victory
Conquest
Starting age
Dark Age
Ending age
Imperial Age
RankedLock teamsTeams togetherTeam positionsShared explorationLock speedFull tech treeHidden civsTurbo modeCheats
Victory
Defeat
🇦🇷 Teutons · Argentina
836
+17
🇺🇸 Varangians · United States
868
-17
MAREKE
8:39 Loom
10:50 Feudal Age
12:34 Man-at-Arms
13:52 Double-Bit Axe
21:41 Scale Mail Armor
21:52 Forging
28:00 Castle Age
26:30 Gold Mining
28:16 Pikeman
30:12 Squires
30:00 Gambesons
31:32 Wheelbarrow
30:59 Long Swordsman
33:42 Chain Mail Armor
35:26 Hand Cart
36:04 Iron Casting
37:12 Stone Mining
SkulkingMuskrat
6:48 Loom
10:57 Feudal Age
15:43 Castle Age
16:09 Scale Barding Armor
23:59 Forging
29:15 Bloodlines
32:11 Double-Bit Axe
35:37 Husbandry
37:15 Wheelbarrow
39:02 Scale Mail Armor
40:59 Chain Mail Armor
Connection lost

Rejoining the realm…

Still unreachable

The connection could not be restored.

Session expired

The server has moved on; the page needs a fresh start.